 Dungeon Crawl Stone Soup version 0.20.1-1-g8b1a95d (webtiles) character file.

36 polve the Slasher (level 3, -1/29 HPs)
             Began as a Demonspawn Abyssal Knight on July 6, 2017.
             Was a Follower of Lugonu.
             Slain by Robin
             ... wielding a +0 spear
              (7 damage)
             ... on level 2 of the Dungeon.
             The game lasted 00:02:30 (1590 turns).

polve the Slasher (Demonspawn Abyssal Knight)       Turns: 1590, Time: 00:02:32

Health: -1/29      AC:  3    Str: 12    XL:     3   Next: 19%
Magic:  4/4        EV: 11    Int: 13    God:    Lugonu [*.....]
Gold:   57         SH:  0    Dex: 13    Spells: 2/2 levels left

rFire    . . .     SeeInvis .   a - +1 falchion
rCold    . . .     Gourm    .   (no shield)
rNeg     . . .     Faith    .   b - +0 leather armour
rPois    .         Spirit   .   (helmet restricted)
rElec    .         Reflect  .   (no cloak)
rCorr    .         Harm     .   (no gloves)
MR       .....                  (no boots)
Stlth    +.........             (no amulet)
Regen    0.1/turn               (no ring)
MPRegen  0.1/turn               (no ring)

@: no status effects
A: antennae 1
a: Depart the Abyss, Renounce Religion


You were on level 2 of the Dungeon.
You worshipped Lugonu.
Lugonu was aware of your devotion.
You were not hungry.

You visited 1 branch of the dungeon, and saw 2 of its levels.
You visited the Abyss 1 time.

You collected 57 gold pieces.

Inventory:

Hand Weapons
 a - a +1 falchion (weapon)
Armour
 b - a +0 leather armour (worn)
Scrolls
 e - a scroll of fog {unknown}
 f - 3 scrolls of remove curse {unknown}
 h - a scroll of identify {unknown}
Potions
 d - a potion of mutation {unknown}
 i - a potion of agility {unknown}
 k - a potion of berserk rage {unknown}
 l - a potion of lignification {unknown}
Comestibles
 c - a bread ration
 g - 2 fruits
 j - 4 chunks of flesh


   Skills:
 - Level 3.0 Fighting
 + Level 3.3 Long Blades
 - Level 1.7 Armour
 - Level 0.8 Dodging
 - Level 2.4 Invocations


You had 2 spell levels left.
You didn't know any spells.

Dungeon Overview and Level Annotations

Branches:
Dungeon (2/15)

Altars:

Annotations:
D:2 Robin


Innate Abilities, Weirdness & Mutations

You have a pair of small antennae on your head.


Message History

There is an open door here.
Robin flexes a bicep menacingly.
Robin says, "Duck!"
Robin hits you with a spear.
* * * LOW HITPOINT WARNING * * *
Robin hits you from afar with a spear.
* * * LOW HITPOINT WARNING * * *
Level annotation: Robin Welcome back, polve the Demonspawn Abyssal Knight.
Lugonu says: Spread carnage and corruption!
Press ? for a list of commands and other information.
Robin says, "A pitiful Demonspawn like you will never find the ORB!"
There is an open door here.
Robin hits you from afar with a spear.
* * * LOW HITPOINT WARNING * * *
There is an open door here.
There is an open door here.
Robin says, "Duck!"
Robin hits you from afar with a spear!
You die...

..#####.<.######..# ###
#...##......#########.##
#.................g....#
#...##......#########.##
#...######..# #.#
.....######..# #.#
...............# #.###
#.###########'## #...#
#. ##.@.## ###.#
##....g## ####g#
##.......## ##.##.#
#.........####...#.###
+.........'...........
#.........####...#.###
##.......## ##.##.#
##.....## ####.# ##...##
#.#


You could see Robin.

Vanquished Creatures
  2 dart slugs (D:1)
  2 giant cockroaches (D:1)
  10 goblins
  6 hobgoblins
  A bat (D:1)
  A frilled lizard (D:1)
  A kobold (D:1)
  5 rats (D:1)
28 creatures vanquished.

Notes
Turn   | Place    | Note
-------+----------+-------------------------------------------
     0 | Abyss:1  | polve the Demonspawn Abyssal Knight began the quest for the Orb.
     0 | Abyss:1  | Reached XP level 1. HP: 18/18 MP: 2/2
    42 | Abyss:1  | Noticed a ynoxinul
    49 | D:1      | Escaped the Abyss
   761 | D:1      | Gained mutation: You have a pair of small antennae on your head. [demonic ancestry]
   761 | D:1      | Reached XP level 2. HP: 24/24 MP: 3/3
   838 | D:1      | Reached * piety under Lugonu
  1378 | D:2      | Reached XP level 3. HP: 10/29 MP: 4/4
  1400 | D:2      | Noticed Robin
  1590 | D:2      | Slain by Robin

Skill      XL: |  1  2 |
---------------+-------+-----
Long Blades    | 2 3 |  3.3
Fighting       | |  3.0
Armour         | |  1.7
Dodging        | |  0.8
Invocations    | |  2.4

Action                   || total
-------------------------++-------
Melee: Falchion          ||    91
Invok: Depart the Abyss  ||     1
  Eat: Chunk             ||     2
Armor: Leather armour    ||    21
Dodge: Dodged            ||    52
       Rpst.: Falchion   ||    18
